 Dungeon Crawl Stone Soup version 0.21-a0-634-gaf8bc5d (webtiles) character file.

2326 wazuzu the Grappler (level 9, -2/85 HPs)
             Began as a Troll Monk on Dec 29, 2017.
             Was a Believer of Ru.
             Killed from afar by an orc wizard (4 damage)
             ... with a puff of flame
             ... on level 6 of the Dungeon.
             The game lasted 00:14:18 (5088 turns).

wazuzu the Grappler (Troll Monk)                    Turns: 5088, Time: 00:14:19

Health: -2/85      AC:  6    Str: 24    XL:     9   Next: 19%
Magic:  8/8        EV: 10    Int:  6    God:    Ru [**....]
Gold:   257        SH:  0    Dex: 12    Spells: 6/9 levels left

rFire    . . .     SeeInvis .     - Unarmed
rCold    . . .     Gourm    +   (no shield)
rNeg     . . .     Faith    .   a - +1 robe
rPois    .         Spirit   .   (helmet restricted)
rElec    .         Reflect  .   (no cloak)
rCorr    .         Harm     .   (gloves unavailable)
MR       .....                  (boots unavailable)
Stlth    ++........             (no amulet)
HPRegen  0.64/turn              (no ring)
MPRegen  0.11/turn              (no ring)

@: lethally poisoned (-2 -> -2), hasted, very quick
A: large, unfitting armour, claws 3, fast metabolism 3, gourmand, regeneration
1, shaggy fur 1, tough skin 2, inability to use devices
a: Renounce Religion


You were on level 6 of the Dungeon.
You worshipped Ru.
Ru was pleased with you.
You were not hungry.

You visited 2 branches of the dungeon, and saw 7 of its levels.
You also visited: Sewer.

You collected 257 gold pieces.

Inventory:

Armour
 a - a +1 robe (worn)
Jewellery
 l - an uncursed ring of magical power {unknown}
Scrolls
 c - 3 scrolls of remove curse
 e - 2 scrolls of teleportation {unknown}
 g - 2 scrolls of amnesia {unknown}
 h - 5 scrolls of identify
 r - a scroll of magic mapping
 t - a scroll of enchant weapon {unknown}
 u - a scroll of blinking
 w - a scroll of vulnerability {unknown}
Potions
 d - 2 potions of haste
 f - a potion of magic {unknown}
 i - a potion of heal wounds {unknown}
 j - a potion of ambrosia {unknown}
 k - a potion of degeneration {unknown}
 n - a potion of lignification {unknown}
 p - 3 potions of curing {unknown}
 q - a potion of agility {unknown}
 s - a potion of invisibility {unknown}
 v - a potion of might {unknown}
Comestibles
 b - 10 rations


   Skills:
 * Level 4.5 Fighting
 - Level 1.1 Throwing
 - Level 1.0 Armour
 - Level 2.4 Dodging
 - Level 1.0 Stealth
 - Level 11.2 Unarmed Combat
 - Level 0.6 Spellcasting


You had 6 spell levels left.
You knew the following spells:

 Your Spells              Type           Power        Failure   Level  Hunger
a - Ozocubu's Armour      Chrm/Ice       #.......     82%         3    ####...


Dungeon Overview and Level Annotations

Branches:
Dungeon (6/15)             Temple (1/1) D:5

Altars:
Hepliaklqana
Kikubaaqudgha
Ru
Trog
Uskayaw
Yredelemnul

Shops:
D:5 %

Annotations:
D:6 Sigmund


Innate Abilities, Weirdness & Mutations

You are too large for most types of armour.
You have claws for hands.
Your metabolism is lightning-fast.
You like to eat raw meat.
Your natural rate of healing is unusually fast.
You are covered in fur. (AC +1)
You have very tough skin. (AC +2)
You cannot study or use magical devices.


Message History

You closely miss the adder. You claw the adder!
You kill the adder!
You feel sick.
You feel sick.
You feel sick.
Uskayaw booms out, "Time for someone else to take a solo" You suddenly lose the ability to move!
You feel sick. The orc wizard hits you with a club.
* * * LOW HITPOINT WARNING * * *
The orc warrior hits you with a long sword!
* * * LOW HITPOINT WARNING * * *
You feel sick. The orc wizard hits you with a club.
* * * LOW HITPOINT WARNING * * *
You can move again.
The orc wizard hits you with a club.
* * * LOW HITPOINT WARNING * * *
It was a potion of haste.
You feel yourself speed up.
You feel sick.
The orc wizard gestures at you while chanting.
The puff of flame hits you!
You die...

###.#.# #...#.###.## ...#.#
#.#...#.###.### # #....#
#.#...#..(....## #.##...#
#.#...#..##.#... #......#
#.#...#..##..... ####.#†#
#.....†.>##..... .#####.#.#
#.#...#..###...#
..........######o##.##.........
#########.....@.o..†...........
#.####oo.###.#.###.....
#..(........o#.# #..#.#
#.####.........# #..#.#
#.####..######## #..#.#
#.......##### #.....
#...........# ##....
#.#####.###.### ###.#
#.o..##.#.....# ####.#


You could see an orc warrior, an orc wizard and 2 orcs.

Vanquished Creatures
  Pikel (D:4)
  Grinder (D:5)
  Menkaure (D:4)
  2 water moccasins (D:6)
  4 slaves (D:4)
  A phantom (D:5)
  5 big kobolds (Sewer)
  4 bullfrogs (D:6)
  3 scorpions
  A bullfrog zombie (D:5)
  3 orc wizards
  An iguana (D:2)
  2 worker ants
  4 gnolls (D:4)
  A worker ant zombie (D:6)
  12 adders
  2 river rats (Sewer)
  A shadow imp (D:6)
  8 oozes
  6 worms
  2 dart slugs (D:1)
  9 leopard geckos
  8 orcs
  9 giant cockroaches
  5 goblins
  8 hobgoblins
  6 jackals
  8 kobolds
  4 quokkas
  4 ball pythons (Sewer)
  10 bats
  5 frilled lizards
  A jackal skeleton (D:2)
  A leopard gecko skeleton (D:5)
  14 rats
157 creatures vanquished.

Notes
Turn   | Place    | Note
-------+----------+-------------------------------------------
     0 | D:1      | wazuzu the Troll Monk began the quest for the Orb.
     0 | D:1      | Reached XP level 1. HP: 22/22 MP: 0/0
    54 | D:1      | Reached XP level 2. HP: 22/29 MP: 1/1
   208 | D:1      | Reached skill level 4 in Unarmed Combat
   365 | D:1      | Reached XP level 3. HP: 34/36 MP: 2/2
   714 | D:2      | Found a bloodstained altar of Trog.
   841 | D:2      | Found an ancient bone altar of Kikubaaqudgha.
  1101 | D:2      | Found a hide-covered altar of Uskayaw.
  1102 | D:2      | Found a basalt altar of Yredelemnul.
  1109 | D:2      | Became a worshipper of Uskayaw the Reveler
  1109 | D:2      | Reached * piety under Uskayaw
  1252 | D:2      | HP: 1/36 [iguana (4)]
  1253 | D:2      | Reached skill level 5 in Unarmed Combat
  1253 | D:2      | Reached XP level 4. HP: 2/44 MP: 3/3
  1253 | D:2      | Reached ** piety under Uskayaw
  1709 | D:3      | Reached *** piety under Uskayaw
  1725 | D:3      | Found a glowing drain.
  1741 | Sewer    | Entered a sewer
  1769 | Sewer    | Reached XP level 5. HP: 50/50 MP: 4/4
  1861 | Sewer    | Reached skill level 6 in Unarmed Combat
  1992 | Sewer    | Reached skill level 7 in Unarmed Combat
  1992 | Sewer    | Reached XP level 6. HP: 59/59 MP: 5/5
  2244 | Sewer    | Reached skill level 8 in Unarmed Combat
  2244 | Sewer    | Reached XP level 7. HP: 64/66 MP: 6/6
  3037 | D:4      | Found a sacrificial altar of Ru.
  3049 | D:4      | Fell from the grace of Uskayaw
  3049 | D:4      | Became a worshipper of Ru the Awakened
  3216 | D:4      | Noticed Pikel
  3257 | D:4      | Killed Pikel
  3257 | D:4      | Reached skill level 10 in Unarmed Combat
  3257 | D:4      | Reached XP level 8. HP: 10/74 MP: 7/7
  3496 | D:4      | Noticed Menkaure
  3499 | D:4      | Killed Menkaure
  3996 | D:4      | Found a hazy altar of Hepliaklqana.
  4083 | D:5      | Entered Level 5 of the Dungeon
  4203 | D:5      | Found Vesan's Food Emporium.
  4203 | D:5      | Noticed Grinder
  4210 | D:5      | Killed Grinder
  4210 | D:5      | Reached skill level 11 in Unarmed Combat
  4267 | D:5      | Reached skill level 1 in Throwing
  4332 | D:5      | Found a staircase to the Ecumenical Temple.
  4361 | D:5      | Reached skill level 1 in Armour
  4411 | D:5      | Gained mutation: You cannot study or use magical devices. [Ru sacrifice]
  4411 | D:5      | Reached * piety under Ru
  4411 | D:5      | Reached ** piety under Ru
  4508 | D:5      | Identified the Collected Works on Ice
  4515 | D:5      | Learned a level 3 spell: Ozocubu's Armour
  4841 | D:6      | Noticed Sigmund
  4852 | Temple   | Entered the Ecumenical Temple
  4924 | D:6      | Reached XP level 9. HP: 83/83 MP: 8/8
  5084 | D:6      | Paralysed by the fury of Uskayaw for 3 turns
  5086 | D:6      | HP: 3/85 [orc wizard/club (2)]
  5088 | D:6      | Killed from afar by an orc wizard

Vault maps used:
D:1:      minmay_arrival_glassed_features
D:2:      kiku_gazebo_pond_becter, gammafunk_temple_overflow_pools,
          nicolae_overflow_crystal_walls
D:3:      portal_sewer_entry_f
D:4:      kennysheep_mini, first_ration, dk_noncrumbling_2,
          nicolae_ru_sacrificial_ziggurat, uniq_pikel, uniq_menkaure
D:5:      cheibrodos_quashed, minmay_temple_entry_hall, serial_shops, shop,
          minmay_curled_crystal, uniq_grinder
D:6:      serial_shops, shop, guppyfry_shop_venom, uniq_sigmund
Temple:   minmay_temple_curvy_branch
Sewer:    sewer_co_tree

Skill      XL: |  1  2  3  4  5  6  7  8  9 |
---------------+----------------------------+-----
Unarmed Combat | 4 5 7 8 10 11 | 11.2
Throwing       | 1 |  1.1
Armour         | 1 |  1.0
Fighting       | 3 4 |  4.5
Dodging        | |  2.4
Stealth        | |  1.0
Spellcasting   | |  0.6

Action                   |  1- 3 |  4- 6 |  7- 9 || total
-------------------------+-------+-------+-------++-------
Melee: Unarmed           |    99 |   117 |   213 ||   429
       Punch             |     4 |     3 |     6 ||    13
Invok: Sacrifice Artific |       |       |     1 ||     1
  Use: Scroll            |       |     8 |       ||     8
       Potion            |       |       |     1 ||     1
 Stab: Sleeping          |     5 |     1 |       ||     6
       Paralysed         |       |     1 |       ||     1
  Eat: Chunk             |     8 |    16 |    24 ||    48
Armor: Robe              |    31 |    38 |    55 ||   124
Dodge: Dodged            |    38 |    47 |    91 ||   176

Table legend:
 A = Spawn XP
 B = Non-spawn XP
 C = Spawn XP percentage of total XP
 D = Spawn monster count
 E = Non-spawn monster count
 F = Spawn count percentage of total count
 G = Total turns spent on level
                    A         B        C        D         E        F      G
               +---------+---------+-------+---------+---------+-------+---------
         Total |       0 |    3323 |   0.0 |       0 |     153 |   0.0 |  5088
               +---------+---------+-------+---------+---------+-------+---------
           D:1 |       0 |      48 |   0.0 |       0 |      22 |   0.0 |   662
           D:2 |       0 |      95 |   0.0 |       0 |      25 |   0.0 |  1024
           D:3 |       0 |     115 |   0.0 |       0 |      28 |   0.0 |   729
           D:4 |       0 |    1072 |   0.0 |       0 |      17 |   0.0 |  1139
           D:5 |       0 |     609 |   0.0 |       0 |      16 |   0.0 |   794
           D:6 |       0 |     768 |   0.0 |       0 |      17 |   0.0 |   209
         Sewer |       0 |     616 |   0.0 |       0 |      28 |   0.0 |   529
               +---------+---------+-------+---------+---------+-------+---------
